 Dungeon Crawl Stone Soup version 0.21.1-1-g345015f (webtiles) character file.

86 xam13124 the Ducker (level 4, -6/45 HPs)
             Began as a Troll Fighter on Mar 19, 2018.
             Mangled by a gnoll
             ... wielding a +0 halberd
              (13 damage)
             ... on level 3 of the Dungeon.
             The game lasted 00:19:27 (2356 turns).

xam13124 the Ducker (Troll Fighter)                 Turns: 2356, Time: 00:19:28

Health: -6/45      AC:  5    Str: 25    XL:     4   Next: 26%
Magic:  3/3        EV:  8    Int:  4    God:
Gold:   108        SH:  9    Dex:  9    Spells: 3/3 levels left

rFire    . . .     SeeInvis .   a - +0 long sword
rCold    . . .     Gourm    +   c - +0 shield
rNeg     . . .     Faith    .   b - +0 robe
rPois    .         Spirit   .   (helmet restricted)
rElec    .         Reflect  .   (no cloak)
rCorr    .         Harm     .   (gloves unavailable)
MR       +....                  (boots unavailable)
Stlth    +.........             (no amulet)
HPRegen  0.55/turn              i - +1 ring of slaying
MPRegen  0.08/turn              n - ring of protection from magic

@: no status effects
A: large, unfitting armour, claws 3, fast metabolism 3, gourmand, regeneration
1, shaggy fur 1, tough skin 2
a: no special abilities


You were on level 3 of the Dungeon.
You were near starving.

You visited 1 branch of the dungeon, and saw 3 of its levels.

You collected 108 gold pieces.

Inventory:

Hand Weapons
 a - a +0 long sword (weapon)
Armour
 b - a +0 robe (worn)
 c - a +0 shield (worn)
Jewellery
 i - a +1 ring of slaying (left claw)
 m - an uncursed ring of flight
 n - a ring of protection from magic (right claw)
 t - an uncursed ring of see invisible
Scrolls
 e - a scroll of noise {unknown}
 g - 3 scrolls of remove curse
 k - a scroll of blinking
 l - a scroll of fear {unknown}
 o - a scroll of identify {unknown}
 r - a scroll of teleportation {unknown}
 s - a scroll of fog {unknown}
Potions
 d - a potion of might
 h - a potion of curing {unknown}
 j - a potion of magic {unknown}
 p - a potion of brilliance {unknown}
 q - a potion of degeneration {unknown}
 u - a potion of flight {unknown}
Comestibles
 f - 4 rations


   Skills:
 + Level 3.0 Fighting
 - Level 1.6 Long Blades
 - Level 3.2 Dodging
 + Level 3.1 Shields


You had 3 spell levels left.
You didn't know any spells.

Dungeon Overview and Level Annotations

Branches:
Dungeon (3/15)

Altars:


Innate Abilities, Weirdness & Mutations

You are too large for most types of armour.
You have claws for hands.
Your metabolism is lightning-fast.
You like to eat raw meat.
Your natural rate of healing is unusually fast.
You are covered in fur. (AC +1)
You have very tough skin. (AC +2)


Message History

There are monsters nearby!
The gnoll hits you from afar with a spear.
The gnoll hits you but does no damage. The gnoll barely misses you.
The gnoll hits you from afar with a spear.
You block the gnoll's attack. The gnoll hits you but does no damage.
The gnoll hits you but does no damage. The gnoll hits you but does no damage.
The gnoll hits you from afar with a spear.
The gnoll hits you from afar with a spear.
The gnoll hits you but does no damage.
The gnoll hits you from afar with a spear.
The gnoll hits you from afar with a spear!
* * * LOW HITPOINT WARNING * * *
Sorry, you're not good enough to have a special ability.
The gnoll hits you with a spear!
* * * LOW HITPOINT WARNING * * *
The gnoll hits you from afar with a halberd!
You die...

##.......#.#
.####...######.#
...............#
..#..###########
.#..... ......#
#......# ...
####......# ...
#.@....<# #..
#g#######
#.#####g##########
+..#...g..........
#..#.....g.g......
#..#........$.....
#.......##########
#.########.....#
#.......##.....#


You could see 3 gnolls.

Vanquished Creatures
  2 adders
  3 worms (D:2)
  3 dart slugs
  A leopard gecko (D:2)
  2 orcs (D:3)
  6 bats
  2 giant cockroaches (D:3)
  8 goblins
  6 hobgoblins
  3 jackals (D:1)
  2 quokkas
  2 frilled lizards
  5 kobolds
  5 rats
50 creatures vanquished.

Notes
Turn   | Place    | Note
-------+----------+-------------------------------------------
     0 | D:1      | xam13124 the Troll Fighter began the quest for the Orb.
     0 | D:1      | Reached XP level 1. HP: 22/22 MP: 0/0
   190 | D:1      | Reached XP level 2. HP: 25/29 MP: 1/1
   967 | D:2      | Reached XP level 3. HP: 36/36 MP: 2/2
  2000 | D:3      | Reached XP level 4. HP: 21/44 MP: 3/3
  2356 | D:3      | Mangled by a gnoll

Skill      XL: |  1  2  3  4 |
---------------+-------------+-----
Dodging        | 3 |  3.2
Shields        | 3 |  3.1
Fighting       | 3 |  3.0
Long Blades    | |  1.6

Action                   |  1- 3 |  4- 6 || total
-------------------------+-------+-------++-------
Melee: Long sword        |   141 |    13 ||   154
 Abil: Evoke Flight      |     1 |       ||     1
  Use: Scroll            |     3 |       ||     3
  Eat: Chunk             |     4 |       ||     4
       Ration            |     3 |     1 ||     4
Armor: Robe              |    63 |     7 ||    70
Dodge: Dodged            |    64 |    11 ||    75
Block: Shield            |    92 |     7 ||    99
       Rpst.: Long sword |    21 |     4 ||    25
